Map: 2000 Atmosphären LE

Players

K.I.-1 (Leicht)

  • Race: Zerg Zerg

Mac - Winner!

  • Race: Protoss Protoss
  • League: Diamond

VOD

Have the link to the VOD?

Description

Time

  • Played on: May 23, 2021, 8:47 p.m.
  • Length: 24:33
Show
View Real Time Build Order
Export as new Build Order

K.I.-1 (Leicht) Zerg 

Build Orders: Hatch First 

Get SALT Encoding   

  12  0:00  Drone  
  13  0:12  Overlord  
  13  0:16  Drone  
  14  0:31  Drone  
  14  0:35  Drone  
  16  0:49  Hatchery  
  15  0:52  Drone  
  16  1:09  Spawning Pool  
  16  1:11  Extractor  
  14  1:12  Drone  
  14  1:16  Drone  
  16  1:23  Overlord  
  16  1:56  Zergling x2  
  16  1:57  Roach Warren  
  16  1:58  Extractor, Queen  
  16  1:59  Zergling x2  
  16  2:00  Drone  
  19  2:06  Drone  
  20  2:12  Zergling x2  
  21  2:17  Zergling x2  
  21  2:21  Zergling x2  
  23  2:26  Zergling x2  
  23  2:29  Drone  
  25  2:34  Drone  
  26  2:39  Drone  
  26  2:43  Drone  
  28  2:50  Drone  
  29  2:54  Roach  
  31  3:00  Overlord  
  31  3:05  Drone  
  32  3:23  Roach  
  34  3:27  Overlord  
  34  3:30  Drone  
  35  3:34  Drone  
  35  3:39  Drone  
  37  3:43  Drone  
  37  3:48  Drone  
  39  3:51  Roach  
  39  3:52  Drone  
  42  3:56  Overlord  
  42  4:00  Drone  
  43  4:04  Drone  
  43  4:08  Drone  
  45  4:13  Drone  
  46  4:17  Drone  
  46  4:20  Lair, Roach  
  49  4:28  Overlord  
  49  4:29  Drone  
  50  4:34  Drone  
  50  4:38  Drone  
  52  4:46  Drone  
  52  4:49  Overlord, Roach  
  52  4:51  Drone  
  56  4:55  Drone  
  57  5:00  Drone  
  57  5:04  Drone  
  59  5:08  Overlord, Drone  
  59  5:13  Drone  
  61  5:17  Drone, Roach  
  61  5:20  Overseer  
  61  5:21  Drone, Overseer  
  64  5:25  Drone  
  66  5:30  Drone  
  66  5:33  Extractor  
  66  5:34  Drone  
  67  5:37  Extractor  
  67  5:38  Drone  
  67  5:43  Drone  
  67  5:47  Hydralisk Den  
  67  5:48  Drone  
  68  5:55  Overlord, Drone  
  69  5:59  Drone  
  70  6:17  Hydralisk  
  72  6:46  Hydralisk  
  74  7:14  Hydralisk  
  75  9:01  Hydralisk  
  70  9:30  Hydralisk  
  72  9:58  Hydralisk  
  74  10:14  Hatchery  
  73  10:23  Pneumatized Carapace  
  73  10:24  Overseer  
  73  10:26  Evolution Chamber  
  72  10:53  Zerg Melee Weapons Level 1  
  72  11:03  Hydralisk  
  57  11:14  Overseer  
  57  11:15  Hydralisk  
  55  11:27  Drone  
  55  11:28  Roach  
  55  11:31  Drone  
  59  11:34  Extractor  
  59  11:35  Drone  
  59  11:39  Roach  
  62  11:40  Drone  
  62  11:41  Extractor  
  62  11:44  Drone  
  62  11:50  Zergling x2  
  63  12:02  Roach  
  65  12:14  Roach  
  67  12:25  Roach  
  69  12:47  Zerg Missile Weapons Level 1  
  69  13:28  Overseer  
  69  14:12  Drone  
  69  14:16  Drone  
  65  14:20  Drone  
  65  14:23  Overlord  
  65  14:24  Infestation Pit  
  65  14:25  Drone  
  65  14:26  Spire  
  65  14:29  Drone  
  65  14:34  Drone  
  65  14:38  Drone  
  67  14:40  Hydralisk  
  67  14:41  Zerg Melee Weapons Level 2  
  67  14:42  Drone  
  67  14:43  Overlord  
  70  14:47  Drone  
  71  14:55  Zergling x2  
  72  15:02  Overlord, Hive  
  72  15:08  Hydralisk  
  74  15:22  Overlord  
  74  15:23  Roach  
  76  15:38  Zergling x2  
  76  15:42  Zerg Flyer Weapons Level 1  
  77  15:52  Hydralisk  
  79  16:07  Zergling x2  
  75  16:22  Mutalisk  
  77  16:32  Hatchery  
  76  16:36  Corruptor  
  78  16:51  Corruptor  
  80  16:56  Zerg Missile Weapons Level 2  
  79  17:24  Overseer  
  73  17:36  Zerg Flyer Armor Level 1  
  65  17:44  Drone  
  65  17:49  Drone  
  67  17:55  Extractor  
  67  17:57  Drone  
  67  17:58  Extractor  
  67  18:02  Drone  
  67  18:09  Roach  
  69  18:15  Roach  
  69  18:20  Roach  
  69  18:26  Roach  
  73  18:32  Roach  
  75  18:38  Roach  
  77  18:43  Roach  
  79  18:48  Hydralisk  
  79  18:54  Hydralisk  
  77  19:01  Roach  
  76  19:06  Hydralisk  
  78  19:12  Hydralisk  
  78  19:13  Overseer  
  80  19:18  Zergling x2  
  81  19:36  Hydralisk  
  79  19:39  Overlord  
  79  19:40  Drone, Evolution Chamber  
  79  19:41  Hydralisk  
  81  19:57  Spawning Pool, Overlord  
  81  19:58  Drone  
  81  20:00  Hydralisk  
  81  20:15  Hydralisk  
  81  20:25  Hydralisk  
  77  20:31  Hydralisk  
  67  20:37  Hydralisk  
  69  20:44  Overlord  
  69  20:46  Roach Warren  
  68  20:55  Queen  
  55  21:14  Evolution Chamber  
  54  21:24  Spawning Pool  
  53  21:28  Roach  
  55  21:34  Overlord  
  55  21:42  Spawning Pool  
  40  22:09  Drone  
  40  22:13  Drone  
  30  22:17  Drone  
  30  22:20  Spawning Pool  
  30  22:22  Drone, Evolution Chamber  
  31  22:26  Drone  
  28  22:30  Drone  
  28  22:35  Drone  
  27  22:39  Drone  
  27  22:43  Drone  
  28  22:48  Drone  
  20  22:54  Drone  
  20  22:57  Hatchery  
  15  23:05  Extractor  
  7  23:08  Zergling x2  
  5  23:17  Extractor  
    24:19  Drone  
Show
View Real Time Build Order
Export as new Build Order

Mac Protoss - Winner!

Build Orders: 1 Gate Expand 

Get SALT Encoding   

  12  0:00  Probe  
  13  0:12  Probe  
  14  0:19  Pylon  
  14  0:33  Probe (Chrono Boost)  
  15  0:38  Gateway  
  16  0:44  Probe (Chrono Boost)  
  16  0:48  Probe (Chrono Boost)  
  17  1:00  Probe  
  18  1:12  Probe  
  19  1:19  Nexus  
  19  1:24  Probe  
  20  1:33  Cybernetics Core  
  20  1:38  Assimilator  
  20  1:39  Probe (Chrono Boost)  
  21  1:46  Pylon  
  21  1:51  Probe (Chrono Boost)  
  22  2:15  Probe  
  23  2:17  Assimilator  
  23  2:19  Gateway, Warp Gate (Chrono Boost)  
  23  2:27  Probe (Chrono Boost)  
  23  2:35  Probe (Chrono Boost)  
  24  2:39  Probe (Chrono Boost)  
  26  2:45  Probe (Chrono Boost)  
  26  2:46  Probe (Chrono Boost)  
  27  2:51  Sentry  
  27  2:55  Probe x2  
  27  2:56  Gateway  
  27  2:58  Gateway  
  31  3:07  Probe x2  
  31  3:08  Adept  
  35  3:19  Probe x2  
  37  3:31  Probe x2  
  39  3:34  Stalker  
  41  3:43  Probe x2  
  43  3:55  Probe  
  44  4:06  Probe  
  45  4:17  Nexus  
  45  4:18  Pylon  
  45  4:20  Pylon  
  45  4:22  Pylon  
  45  4:23  Probe  
  44  4:25  Pylon  
  44  4:39  Gateway x2  
  44  4:40  Gateway  
  44  4:42  Robotics Facility, Probe  
  44  4:43  Gateway, Probe, Assimilator  
  46  4:46  Pylon, Assimilator  
  46  4:52  Shield Battery  
  46  4:53  Shield Battery  
  46  4:55  Forge  
  46  5:12  Sentry x2  
  50  5:14  Adept x2  
  50  5:21  Probe x2 (Chrono Boost)  
  56  5:33  Probe x2 (Chrono Boost)  
  56  5:34  Probe (Chrono Boost)  
  56  5:35  Protoss Shields Level 1  
  59  5:40  Probe x2 (Chrono Boost)  
  59  5:41  Probe (Chrono Boost)  
  62  5:42  Stargate  
  62  5:47  Probe x2  
  62  5:48  Stargate  
  64  5:54  Probe  
  65  5:59  Probe x2  
  67  6:05  Stargate  
  67  6:06  Probe  
  67  6:10  Assimilator  
  68  6:11  Probe  
  68  6:12  Probe  
  68  6:14  Assimilator  
  68  6:18  Probe, Photon Cannon  
  71  6:19  Photon Cannon  
  71  6:21  Photon Cannon  
  71  6:22  Sentry  
  71  6:23  Probe, Sentry  
  71  6:24  Probe  
  77  6:30  Probe  
  78  6:36  Probe x2  
  78  6:38  Phoenix  
  82  6:40  Phoenix  
  82  6:42  Probe  
  85  6:48  Probe x2  
  85  6:54  Probe, Nexus, Shield Battery  
  87  6:55  Pylon  
  87  6:57  Shield Battery  
  87  7:00  Probe  
  89  7:04  Sentry x4  
  97  7:09  Warp Prism  
  99  7:18  Probe x2  
  101  7:22  Pylon  
  101  7:23  Pylon  
  101  7:24  Pylon  
  101  7:29  Nexus  
  101  7:30  Pylon  
  102  7:38  Oracle x2  
  102  7:40  Probe, Oracle  
  112  7:45  Warp Prism  
  114  7:52  Probe  
  114  8:22  Sentry x3  
  120  9:05  Void Ray x3  
  134  9:22  Immortal  
  136  9:30  Fleet Beacon  
  136  9:33  Robotics Bay  
  136  9:40  Pylon  
  136  9:42  Pylon  
  136  9:45  Pylon  
  136  9:52  Stalker x2  
  140  10:03  Pylon  
  140  10:06  Pylon  
  140  10:08  Pylon  
  140  10:20  Twilight Council  
  140  10:21  Twilight Council  
  140  10:22  Twilight Council  
  140  10:29  Tempest x2  
  140  10:30  Tempest  
  155  10:39  Probe x2  
  155  10:40  Probe x2  
  159  10:51  Probe  
  159  10:55  Zealot x4  
  159  10:56  Zealot x4  
  162  11:12  Blink (Chrono Boost)  
  162  11:13  Carrier x3  
  162  11:15  Charge (Chrono Boost)  
  162  11:16  Resonating Glaives (Chrono Boost)  
  180  11:28  Fleet Beacon  
  180  11:31  Fleet Beacon  
  180  11:34  Robotics Bay  
  180  11:38  Assimilator  
  180  11:41  Assimilator  
  180  11:42  Templar Archives  
  180  11:47  Dark Shrine  
  180  11:49  Probe x3  
  183  11:54  Assimilator  
  183  11:57  Assimilator  
  183  11:58  Observer  
  184  12:12  Gravitic Boosters (Chrono Boost)  
  184  12:15  Robotics Facility  
  184  12:16  Robotics Facility  
  184  12:18  Anion Pulse-Crystals (Chrono Boost)  
  184  12:22  Flux Vanes  
  184  12:28  Gravitic Drive (Chrono Boost)  
  184  12:51  Photon Cannon  
  184  12:53  Observer, Photon Cannon  
  184  12:54  Photon Cannon  
  184  12:56  Photon Cannon  
  184  12:57  Photon Cannon  
  184  12:58  Photon Cannon  
  184  13:00  Photon Cannon  
  184  13:01  Shield Battery  
  184  13:02  Shield Battery  
  184  13:04  Shield Battery  
  184  13:05  Shield Battery  
  191  13:08  Disruptor  
  191  13:09  Shield Battery, Colossus  
  191  13:10  Observer  
  197  13:42  Extended Thermal Lance (Chrono Boost)  
  184  13:57  Unknown  
  184  14:01  Mothership  
  184  14:44  Robotics Facility  
  172  14:45  Robotics Facility  
  172  14:48  Robotics Facility  
  172  14:49  Disruptor x2  
  172  14:52  Robotics Facility  
  174  14:56  Robotics Facility  
  174  14:58  Robotics Facility  
  142  15:22  Disruptor  
  142  15:24  Disruptor  
  142  15:25  Disruptor  
  146  15:45  Disruptor x5  
  142  15:58  Disruptor  
  142  16:00  Disruptor x2  
  151  16:05  Nexus  
  139  16:14  Nexus  
  139  16:21  Disruptor x5  
  139  16:22  Nexus  
  148  16:30  Nexus  
  145  16:34  Disruptor  
  145  16:36  Disruptor x2  
  151  16:48  Shadow Stride  
  151  16:49  Psionic Storm  
  151  16:56  Disruptor x2  
  151  16:57  Disruptor x3  
  151  17:00  Nexus  
  166  17:09  Disruptor, Nexus  
  166  17:11  Disruptor  
  166  17:12  Disruptor  
  175  17:21  Nexus  
  175  17:32  Disruptor x4  
  187  17:49  Disruptor x4  
  198  19:23  Pylon  
  198  19:25  Pylon  
  198  19:27  Pylon  
  198  19:29  Pylon  
  198  19:31  Pylon  
  198  19:54  Zealot  
  187  21:19  Mothership  
  192  21:40  Disruptor  
  195  21:51  Photon Cannon  
  195  21:53  Photon Cannon  
  195  21:55  Photon Cannon  
  195  21:57  Photon Cannon  
  195  21:58  Photon Cannon  
  195  22:03  Photon Cannon  
  195  22:07  Photon Cannon  
  195  22:11  Nexus  
Tags
 
Add a new tag
Caveats
  • Supply blocks, unpowered buildings, or Contaminate may cause inaccurate times.
  • Supply counts are checked every 10 seconds.